[Event "Late-Titled-Tuesday-Blitz-June-25-2024"]
[Site "Chess.com"]
[Date "2024.06.25"]
[Round "11"]
[White "Sondremelaa"]
[Black "ACollins05"]
[Result "1-0"]
[WhiteElo "2586"]
[BlackElo "2435"]
[TimeControl "180+1"]
[EndTime "16:06:04 PDT"]
[Termination "Sondremelaa won by resignation"]

1. e4 a6 2. d4 b5 3. c4 Bb7 4.
cxb5 Bxe4 5. Nc3 Bb7 6. Nf3 Nf6 7. bxa6 Nxa6 8. Be2 e6 9. O-O Be7 10. Bf4 O-O 11. h3 c5 12. Re1 cxd4 13. Nxd4 d6 14. Ndb5 Nd5 15. Nxd5 Bxd5 16. Bf3 Bxf3 17. Qxf3 Nc7 18.
Nxc7 Qxc7 19. b4 Rfb8 20. Reb1 Qb7 21. Qxb7 Rxb7 22. a4 Bf6 23. Ra2 Bc3 24. b5 e5 25. Be3 d5 26. Bc5 Rc8 27. Bb4 d4 28. Bxc3 dxc3 29. Rc2 g6 30. a5 Rc5 31. b6 Rxa5 32. Rxc3 Ra6 33. Rc6 Kf8 34. Kf1 Ke7 35. g4 Kd7 36. Rf6 Ke7 37. g5 h6 38. h4 hxg5 39.
hxg5 Ra8 40. Ke2 Ra2+ 41. Ke3 Rc2 42. f3 Rc4 43. Kd3 Rd4+ 44. Ke3 Rd6 45. Rxd6 Kxd6 46.
Ke4 Ke6 47. Rb5 f5+ 48. gxf6 Kxf6 49. Kd5 Kf5 50. Rb4 g5 51. Kc6 Rb8 52. Kc7 Rf8 53.
b7 Rf7+ 54. Kd6 Rxb7 55. Rxb7 e4 56. fxe4+ Kxe4 57. Rb4+ Kf3 58. Ke5 g4 59. Rf4+ Kg3 60. Kf5 1-0

[Event "Late-Titled-Tuesday-Blitz-June-25-2024"]
[Site "Chess.com"]
[Date "2024.06.25"]
[Round "11"]
[White "ArmanGhevondyanchess"]
[Black "IndianSchoolOfSuffering"]
[Result "1-0"]
[WhiteElo "2635"]
[BlackElo "2519"]
[TimeControl "180+1"]
[EndTime "16:06:05 PDT"]
[Termination "ArmanGhevondyanchess won by resignation"]

1. Nf3 d5 2. g3 Nf6 3. Bg2 e6 4. O-O Be7 5. d4 O-O 6. c4 dxc4 7. Ne5 c5 8. dxc5 Qxd1 9. Rxd1 Bxc5 10. Nc3 Nc6 11.
Nxc4 Bd7 12. Bg5 Rfd8 13. Ne4 Be7 14. Ned6 Rab8 15. a4 Kf8 16. Rac1 h6 17. Be3 Nd5 18. Bc5 b6 19. Ba3 Na5 20. e4 Nf6 21. Nxa5 bxa5 22. e5 Nd5 23. Bxd5 exd5 24. Rxd5 Bxa4 25. Rxa5 Bb3 26. Rxa7 Ra8 27. Rxa8 Rxa8 28. Rc7 Be6 29. f4 g6 30. Kf2 h5 31. h4 Bd8 32. Nxf7+ Rxa3 33. Nxd8 1-0

[Event "Late-Titled-Tuesday-Blitz-June-25-2024"]
[Site "Chess.com"]
[Date "2024.06.25"]
[Round "11"]
[White "JuliaEfremova"]
[Black "WPWPWP-2015"]
[Result "0-1"]
[WhiteElo "2330"]
[BlackElo "2550"]
[TimeControl "180+1"]
[EndTime "16:06:05 PDT"]
[Termination "WPWPWP-2015 won by resignation"]

1. e4 e5 2. Nf3 Nc6 3. Nc3 Nf6 4.
a3 Be7 5. d4 exd4 6. Nxd4 O-O 7. Be2 Re8 8. Be3 d5 9. exd5 Nxd5 10. Nxd5 Qxd5 11. Nf3 Be6 12. O-O Rad8 13. Qc1 Bf6 14.
a4 Qf5 15. a5 a6 16. Ra4 Bd5 17. Rf4 Qe6 18. Bd3 Qd6 19. Nd4 Nxd4 20. Bxd4 Bg5 21.
Be3 Bxf4 22. Bxf4 Qe7 23. h3 c5 24. Bg5 f6 25. Bh4 c4 26. Bf5 Qe5 27. Bg4 h5 28. Bd1 Qe4 29. Bf3 Qxh4 0-1

[Event "Late-Titled-Tuesday-Blitz-June-25-2024"]
[Site "Chess.com"]
[Date "2024.06.25"]
[Round "11"]
[White "TheAlienParty"]
[Black "maurovargas01"]
[Result "1-0"]
[WhiteElo "2350"]
[BlackElo "1976"]
[TimeControl "180+1"]
[EndTime "16:06:06 PDT"]
[Termination "TheAlienParty won on time"]

1. c4 e5 2. Nc3 Nc6 3. Nf3 f5 4.
g3 Nf6 5. d4 e4 6. Nh4 g6 7. Bg5 Bg7 8. Ng2 h6 9. Bxf6 Bxf6 10. e3 g5 11. h4 g4 12. Nf4 O-O 13.
Nxe4 fxe4 14. Qxg4+ Bg7 15. Nh5 Qe7 16. Nxg7 Qxg7 17.
Qxe4 d6 18. Bd3 Bf5 19. Qd5+ Kh8 20. Bxf5 Nb4 21. Qe4 Rae8 22. Qb1 Qxd4 23. O-O Qe5 24. a3 Nc6 25. Bd7 Re7 26. Bxc6 bxc6 27. Qd3 c5 28. b4 Rg8 29. Ra2 Reg7 30. Qd5 Qf6 31. Qe4 Rg4 32.
Qh1 Rxh4 33. Qg2 1-0

[Event "Late-Titled-Tuesday-Blitz-June-25-2024"]
[Site "Chess.com"]
[Date "2024.06.25"]
[Round "11"]
[White "NigiriSushies"]
[Black "ritanovikova"]
[Result "1-0"]
[WhiteElo "2289"]
[BlackElo "2239"]
[TimeControl "180+1"]
[EndTime "16:06:06 PDT"]
[Termination "NigiriSushies won by resignation"]

1. d4 e6 2. Bf4 Nf6 3. Nf3 d5 4. e3 Bd6 5. Nbd2 Bxf4 6. exf4 Qd6 7. g3 c5 8. c3 Nc6 9. Bg2 O-O 10. O-O cxd4 11.
cxd4 Qb4 12. Nb3 Ne4 13. Ne5 a5 14. a3 Qb6 15. Bxe4 dxe4 16. Nc4 Qc7 17. Nc5 b6 18. Nxe4 Ba6 19. Rc1 Bxc4 20. Rxc4 Rac8 21. Qd3 Qd7 22. Rfc1 Ne7 23. Ng5 g6 24. Ne4 f5 25. Ng5 h6 26.
Nf3 Rxc4 27. Qxc4 Rc8 28. Qf1 Rxc1 29. Qxc1 Nc6 30. Ne5 Nxe5 31. dxe5 Kf7 32. b4 axb4 33.
axb4 Qe7 34. b5 Qd7 35. Qc4 Qd1+ 36. Kg2 g5 37. Qc7+ Kg6 38. fxg5 hxg5 39. Qc6 Qb3 40. Qxb6 Qd5+ 41. Kh3 Qxe5 42. Qd8 g4+ 43. Kh4 Qg7 44. Qg5+ Kf7 45. Qxg7+ Kxg7 46. b6 e5 47. b7 f4 48.
b8=Q 1-0

[Event "Late-Titled-Tuesday-Blitz-June-25-2024"]
[Site "Chess.com"]
[Date "2024.06.25"]
[Round "11"]
[White "SocoLoco"]
[Black "PNEPaul"]
[Result "1-0"]
[WhiteElo "2169"]
[BlackElo "1942"]
[TimeControl "180+1"]
[EndTime "16:06:06 PDT"]
[Termination "SocoLoco won by checkmate"]

1. e4 e5 2. d4 exd4 3. Nf3 Nc6 4. Nxd4 Be7 5. Bc4 d6 6. O-O Nf6 7. Re1 O-O 8. h3 Nxe4 9. Rxe4 d5 10. Bxd5 Qxd5 11. Nc3 Qd7 12. Be3 f5 13. Rf4 Bg5 14.
Nxc6 bxc6 15. Rd4 Qe7 16. Bxg5 Qxg5 17. Qd2 f4 18. Kh2 Be6 19. Ne4 Qf5 20. f3 Rae8 21. Rd1 Qh5 22. c4 Qh4 23. b3 Bxh3 24. gxh3 Rxe4 25.
Rxe4 Qg3+ 26. Kh1 Qxh3+ 27. Kg1 Qxf3 28. Rde1 Rf6 29. Qd8+ Kf7 30. Qe8# 1-0

[Event "Late-Titled-Tuesday-Blitz-June-25-2024"]
[Site "Chess.com"]
[Date "2024.06.25"]
[Round "11"]
[White "ninjatrick"]
[Black "karinachess1"]
[Result "0-1"]
[WhiteElo "2515"]
[BlackElo "2682"]
[TimeControl "180+1"]
[EndTime "16:06:09 PDT"]
[Termination "karinachess1 won by resignation"]

1. Nf3 Nf6 2. e3 g6 3. d4 Bg7 4. c4 O-O 5. Nc3 c5 6. Be2 cxd4 7. exd4 d5 8. O-O Nc6 9. Bg5 h6 10. Bxf6 Bxf6 11. Nxd5 Bg7 12. Re1 e6 13. Nc3 Nxd4 14.
Nxd4 Qxd4 15. Qc2 Qc5 16. Rad1 b6 17. Bf3 Rb8 18. Ne4 Qc7 19. Nd6 Bd7 20. Qe2 Rfd8 21. Bg4 Be8 22. Nxe8 Rxe8 23. Rd2 Rbc8 24. Rc1 h5 25.
Bf3 Bh6 26. b3 Bxd2 27. Qxd2 Red8 28. Qb2 Qf4 29. Rc2 Rd6 30. Qc3 Rcd8 31. g3 Qf5 32. Be2 h4 33. g4 Qf4 34. Qh3 Rd2 35. Qc3 Rxc2 36. Qxc2 Rd2 37. Qc1 g5 38. Qe1 Rxa2 39. Qd1 Qd2 0-1

[Event "Late-Titled-Tuesday-Blitz-June-25-2024"]
[Site "Chess.com"]
[Date "2024.06.25"]
[Round "11"]
[White "chesspilot01"]
[Black "zverr1"]
[Result "1-0"]
[WhiteElo "2370"]
[BlackElo "2544"]
[TimeControl "180+1"]
[EndTime "16:06:10 PDT"]
[Termination "chesspilot01 won on time"]

1. e4 c5 2. Nf3 Nc6 3. Nc3 g6 4. Bc4 Bg7 5. O-O e5 6. d3 Nge7 7. Bg5 h6 8. Be3 d6 9. a4 O-O 10.
Qd2 Kh7 11. Ne1 f5 12. exf5 Nxf5 13. Nd5 Nxe3 14. fxe3 Rxf1+ 15. Kxf1 e4 16. c3 Ne5 17. Bb3 Qh4 18. d4 Qxh2 19. dxe5 Bg4 20. Nf6+ Bxf6 21.
exf6 Qh1+ 22. Kf2 Qh4+ 23. Kg1 Qxf6 24. Qf2 Bf5 25. Rd1 Rf8 26. Bd5 Qe7 27. Qg3 h5 28.
Nc2 Rf6 29. Rf1 b6 30. Qg5 Kg7 31. Na3 a6 32. Nc4 b5 33. Rxf5 1-0

[Event "Late-Titled-Tuesday-Blitz-June-25-2024"]
[Site "Chess.com"]
[Date "2024.06.25"]
[Round "11"]
[White "talaicito"]
[Black "AlexanderMatlak"]
[Result "0-1"]
[WhiteElo "2369"]
[BlackElo "2454"]
[TimeControl "180+1"]
[EndTime "16:06:13 PDT"]
[Termination "AlexanderMatlak won on time"]

1. d4 Nf6 2. Nc3 d5 3. Bf4 g6 4. e3 Bg7 5. Nf3 O-O 6. Ne5 c5 7. h4 h5 8. f3 Nc6 9. Qd2 cxd4 10. exd4 Bf5 11. O-O-O Rc8 12. Nxc6 Rxc6 13. Bd3 Bxd3 14. Qxd3 Qa5 15. Kb1 Rfc8 16. Bd2 Qc7 17. Nb5 Qb6 18. c3 e6 19. Na3 Bf8 20. Nc2 Qc7 21. g4 e5 22.
dxe5 Qxe5 23. Nd4 Rb6 24. Rde1 Qc7 25. gxh5 Nxh5 26. Rhg1 Bg7 27. Ka1 Ra6 28. a3 Qb6 29. Rg5 Bf8 30. Qb5 Qf6 31. Qxd5 Rd8 32. Qxb7 Rb6 33.
Qxa7 Rdb8 34. Bc1 Nf4 35. Bxf4 Qxf4 36. Rb1 Rxb2 0-1

[Event "Late-Titled-Tuesday-Blitz-June-25-2024"]
[Site "Chess.com"]
[Date "2024.06.25"]
[Round "11"]
[White "Rodalquilar"]
[Black "rhungaski"]
[Result "0-1"]
[WhiteElo "2826"]
[BlackElo "2674"]
[TimeControl "180+1"]
[EndTime "16:06:14 PDT"]
[Termination "rhungaski won by checkmate"]

1. d4 e6 2. Nf3 d5 3. Bf4 Nf6 4. e3 c5 5. Nbd2 Nc6 6. c3 Nh5 7. Bg5 Qb6 8. dxc5 Bxc5 9. b4 Be7 10. b5 Na5 11. Bxe7 Kxe7 12. Qa4 Nf6 13. Qb4+ Ke8 14. Be2 Qd8 15. O-O b6 16. Rfd1 Qe7 17. Qf4 Bb7 18.
Ne5 g5 19. Qxg5 Rg8 20. Qh4 d4 21. cxd4 Bxg2 22. f4 Bh3+ 23. Kh1 Bg2+ 24. Kg1 Bh3+ 25. Kh1 Qb7+ 26. d5 Qxd5+ 27. Ndf3 Bg2+ 28. Kg1 Bxf3+ 29. Kf1 Bxe2+ 30. Kxe2 Qxb5+ 31. Ke1 Ne4 32. Rd3 Rg1+ 33. Ke2 Qb2+ 34. Kf3 Qg2# 0-1

[Event "Late-Titled-Tuesday-Blitz-June-25-2024"]
[Site "Chess.com"]
[Date "2024.06.25"]
[Round "11"]
[White "koncheto"]
[Black "fin"]
[Result "1-0"]
[WhiteElo "2597"]
[BlackElo "2708"]
[TimeControl "180+1"]
[EndTime "16:06:15 PDT"]
[Termination "koncheto won by resignation"]

1. e4 c5 2. Nf3 Nc6 3. d4 cxd4 4. Nxd4 Nf6 5. Nc3 e5 6. Ndb5 d6 7. Bg5 a6 8. Na3 b5 9. Nd5 Be7 10. Bxf6 Bxf6 11. c3 Bg5 12. Nc2 Rb8 13. h4 Bh6 14. g3 O-O 15. Bg2 a5 16. b4 Be6 17.
O-O Ne7 18. Nce3 Bxe3 19. Nxe3 Qc7 20. Qd2 Rfd8 21. Rfd1 axb4 22. cxb4 Ra8 23. Qe2 Qb7 24. Rd2 g6 25. Rad1 Ra6 26. h5 Qc7 27. Qf3 Rxa2 28. Rxa2 Bxa2 29. h6 f5 30. exf5 Rf8 31. f6 Nc6 32.
Qxc6 Qxc6 33. Bxc6 Rxf6 34. Bxb5 Kf8 35. Bc4 Bxc4 36.
Nxc4 Ke7 37. b5 Rf8 38. Rxd6 Ra8 39. Rb6 e4 40. Rb7+ Ke6 41. Rxh7 Ra1+ 42. Kg2 Kd5 43. Ne3+ Ke6 44. Rc7 1-0

[Event "Late-Titled-Tuesday-Blitz-June-25-2024"]
[Site "Chess.com"]
[Date "2024.06.25"]
[Round "11"]
[White "Gzucaritas"]
[Black "th3d4rkness"]
[Result "0-1"]
[WhiteElo "2044"]
[BlackElo "2251"]
[TimeControl "180+1"]
[EndTime "16:06:16 PDT"]
[Termination "th3d4rkness won on time"]

1. e4 c5 2. Nf3 Nc6 3. Bb5 g6 4. O-O Bg7 5. Re1 e5 6. c3 a6 7. Bxc6 dxc6 8. d4 cxd4 9. cxd4 exd4 10. e5 c5 11. Bg5 Ne7 12. Qc1 b6 13. Qf4 O-O 14.
Nbd2 Nd5 15. Bxd8 Nxf4 16. Bxb6 Nd3 17. Re2 Rb8 18. Bc7 Rxb2 19. Bd6 Re8 20. Kf1 Be6 21. Ne4 Bc4 22. Rxb2 Nxb2+ 23. Kg1 Bd5 24. Nxc5 Bxf3 25. gxf3 Nc4 26. Rd1 Nxe5 27. Kg2 Nc4 28. Bg3 Re2 29. Ne4 h5 30. h4 Rxa2 31. Rb1 Rb2 32. Rc1 Na3 33.
Rc8+ Kh7 34. Ng5+ Kh6 35. Nxf7+ Kh7 36. Ng5+ Kh6 37. Bf4 Bf6 38. Ne6+ Kh7 39. Rc7+ Kg8 40. Bh6 d3 41. Nf4 d2 0-1

[Event "Late-Titled-Tuesday-Blitz-June-25-2024"]
[Site "Chess.com"]
[Date "2024.06.25"]
[Round "11"]
[White "HaryKane"]
[Black "LoonsDeKoeben"]
[Result "0-1"]
[WhiteElo "2577"]
[BlackElo "2449"]
[TimeControl "180+1"]
[EndTime "16:06:19 PDT"]
[Termination "LoonsDeKoeben won by checkmate"]

1. c4 e5 2. Nc3 Nf6 3. e3 b6 4. b3 Bb7 5. Bb2 d5 6. cxd5 Nxd5 7.
Nf3 Bd6 8. d4 Nxc3 9. Bxc3 e4 10. Nd2 O-O 11. Qc2 Re8 12. Bb5 Nd7 13. Nc4 Bf8 14. Ne5 Nxe5 15. dxe5 Re6 16. Rd1 Qg5 17.
O-O Rg6 18. g3 Qh5 19. Bd7 Rd8 20. Bb4 c5 21. h3 Rxd7 22. Rxd7 Qxh3 23. Qc4 Qxd7 24.
Kg2 cxb4 25. Re1 Qg4 26. Rh1 Qf3+ 27. Kg1 Rc6 28. Kh2 Rh6+ 29. Kg1 Rxh1# 0-1

[Event "Late-Titled-Tuesday-Blitz-June-25-2024"]
[Site "Chess.com"]
[Date "2024.06.25"]
[Round "11"]
[White "artin10862"]
[Black "MagnusCarlsen"]
[Result "0-1"]
[WhiteElo "2936"]
[BlackElo "3182"]
[TimeControl "180+1"]
[EndTime "16:06:23 PDT"]
[Termination "MagnusCarlsen won by resignation"]

1. a4 Nf6 2. a5 g6 3. d4 Bg7 4. Nf3 O-O 5. Bf4 d6 6. h3 c5 7.
dxc5 Ne4 8. c3 Nxc5 9. Nbd2 Nc6 10.
e3 Ne6 11. a6 Nxf4 12. exf4 Rb8 13. axb7 Rxb7 14. Ra2 Be6 15. Ra6 Nb8 16. Ra3 Rxb2 17. Bd3 Qb6 18. O-O a5 19. Nc4 Bxc4 20. Bxc4 e6 21. Bd3 Nd7 22. Nd2 d5 23. Nf3 Qc5 24. Qa4 Bxc3 25. Rb3 Nb6 26. Qb5 Qxb5 27. Rxb5 Rxb5 28. Bxb5 a4 29. Rc1 Bb2 30. Rc6 a3 31. Rxb6 a2 32. Ra6 a1=R+ 33. Rxa1 Bxa1 34. g3 Rb8 35. Bf1 Rb4 36. Kg2 Bd4 37. h4 Kg7 38.
Be2 Bb6 39. Ne1 Rb2 40. Kf3 f6 41. Nd3 Rd2 42. Bf1 Bd4 0-1

[Event "Late-Titled-Tuesday-Blitz-June-25-2024"]
[Site "Chess.com"]
[Date "2024.06.25"]
[Round "11"]
[White "Cosi43"]
[Black "Slovak_fighter2000"]
[Result "1-0"]
[WhiteElo "2693"]
[BlackElo "2519"]
[TimeControl "180+1"]
[EndTime "16:06:25 PDT"]
[Termination "Cosi43 won by resignation"]

1. e4 e6 2. d4 d5 3. Nd2 c5 4. exd5 Qxd5 5. dxc5 Bxc5 6. Ngf3 Nf6 7. Bc4 Qh5 8. O-O O-O 9. Qe2 Nc6 10. c3 e5 11.
Ne4 Nxe4 12. Qxe4 Bf5 13. Qh4 Qxh4 14. Nxh4 Bg6 15. Nxg6 hxg6 16. Bg5 Kh7 17. Rad1 f6 18. Bc1 Rad8 19. b4 Bb6 20. a3 Rxd1 21. Rxd1 Rd8 22.
Rxd8 Bxd8 23. Kf1 f5 24. Bd5 g5 25. Ke2 Kg6 26. Kd3 Kf6 27. Kc4 g4 28. a4 e4 29. Bxc6 bxc6 30. Be3 Ke6 31. Bxa7 Kd7 32. a5 Bc7 33. Bb6 Bxh2 34. a6 Kc8 35. Kc5 g3 36.
Kxc6 Kb8 37. fxg3 Bxg3 38. Kd5 Be1 39. Bd4 e3 40. Bxe3 Bxc3 41. b5 Bf6 42. b6 g5 43. Kc6 f4 44. Bc5 1-0

[Event "Late-Titled-Tuesday-Blitz-June-25-2024"]
[Site "Chess.com"]
[Date "2024.06.25"]
[Round "11"]
[White "Njal28"]
[Black "Jospem"]
[Result "0-1"]
[WhiteElo "3105"]
[BlackElo "3073"]
[TimeControl "180+1"]
[EndTime "16:06:27 PDT"]
[Termination "Jospem won on time"]

1. d4 Nf6 2. c4 e6 3. Nf3 Bb4+ 4.
Nc3 b6 5. Qb3 a5 6. g3 Bb7 7.
Bg2 O-O 8. O-O h6 9. Qc2 Bxc3 10. Qxc3 Be4 11. Re1 d6 12. Bf1 Bb7 13. Nd2 c5 14. b3 Nc6 15. dxc5 bxc5 16. Bg2 Qe7 17. Bb2 Nd4 18.
Bxb7 Qxb7 19. Nf3 e5 20. Nxd4 cxd4 21. Qd3 Ne4 22. Ba3 f5 23. Rac1 Rf6 24. Qf3 a4 25. b4 Rc8 26. c5 dxc5 27. bxc5 Qf7 28. Rc2 Kh7 29. Qd3 Rg6 30. Rec1 Rcc6 31. Rb2 Qd5 32. f3 Nxg3 33. hxg3 e4 34. Qd1 Rxg3+ 35. Kf2 e3+ 36. Kxg3 f4+ 37. Kg2 Rg6+ 38. Kf1 Qh5 0-1

[Event "Late-Titled-Tuesday-Blitz-June-25-2024"]
[Site "Chess.com"]
[Date "2024.06.25"]
[Round "11"]
[White "katharinareinecke"]
[Black "Navyblue1"]
[Result "1-0"]
[WhiteElo "2044"]
[BlackElo "2128"]
[TimeControl "180+1"]
[EndTime "16:06:28 PDT"]
[Termination "katharinareinecke won on time"]

1. e4 c5 2. Nf3 d6 3. d4 cxd4 4. Nxd4 Nf6 5. Bd3 e5 6. Nf3 Be7 7. O-O h6 8. h3 Be6 9. Be3 O-O 10. c4 Nbd7 11. Nc3 Rc8 12. b3 a6 13. Nd2 Nc5 14.
Bc2 Ncd7 15. Nd5 Bxd5 16. exd5 Ne8 17. f4 exf4 18. Bxf4 Bg5 19. Ne4 Bxf4 20. Rxf4 Qb6+ 21. Kh1 Ne5 22. Qh5 Qe3 23. Raf1 b5 24. Qf5 Ng6 25.
Rg4 Nc7 26. Nxd6 Rcd8 27. Nxf7 Qe7 28. Qxg6 Rxf7 29. Rxf7 Qxf7 30. Qh7+ Kf8 31. Qh8+ Ke7 32. Re4+ Kd7 33. Qh7 bxc4 34. Rxc4 Nxd5 35. Bf5+ Kd6 36. Qg6+ 1-0

[Event "Late-Titled-Tuesday-Blitz-June-25-2024"]
[Site "Chess.com"]
[Date "2024.06.25"]
[Round "11"]
[White "nitpicker"]
[Black "protectiago"]
[Result "1-0"]
[WhiteElo "2331"]
[BlackElo "2135"]
[TimeControl "180+1"]
[EndTime "16:06:29 PDT"]
[Termination "nitpicker won on time"]

1. d4 Nf6 2. c4 g6 3. Nc3 d5 4. Qb3 dxc4 5. Qxc4 Bg7 6. e4 O-O 7.
Be2 Na6 8. Nf3 c5 9. d5 e6 10. O-O exd5 11. exd5 b6 12. Bf4 Nb4 13. Rad1 Ba6 14.
Qb3 Bxe2 15. Nxe2 Nbxd5 16. Nc3 Nxf4 17. Rxd8 Raxd8 18. Rd1 Rd7 19. g3 Ne6 20. Rxd7 Nxd7 21. Qd5 Nf6 22. Qb7 Nd4 23. Kg2 Nxf3 24. Kxf3 Ne8 25.
Qxa7 Nd6 26. Qxb6 Nc4 27. Qxc5 Nxb2 28. Nd5 Nd3 29. Ne7+ Kh8 30. Qc2 Ne5+ 31. Kg2 Re8 32. Nd5 Rd8 33. Ne3 h5 34. h4 Rd7 35. a4 Nd3 36. Kf1 Kh7 37. a5 Nb4 38. Qc4 Nd3 39.
a6 Ne5 40. Qb5 1-0

[Event "Late-Titled-Tuesday-Blitz-June-25-2024"]
[Site "Chess.com"]
[Date "2024.06.25"]
[Round "11"]
[White "Mops_2004"]
[Black "ansko1999"]
[Result "0-1"]
[WhiteElo "2788"]
[BlackElo "2625"]
[TimeControl "180+1"]
[EndTime "16:06:31 PDT"]
[Termination "ansko1999 won by checkmate"]

1. d4 d5 2. c4 c5 3. e3 Nf6 4. Nc3 e6 5. Nf3 Nc6 6. a3 a6 7. dxc5 Bxc5 8. b4 Ba7 9. Bb2 O-O 10. Rc1 d4 11. exd4 Nxd4 12. c5 e5 13. Be2 Nxe2 14.
Qxd8 Rxd8 15. Nxe2 e4 16. Bxf6 gxf6 17. Nd2 f5 18. f3 Re8 19. Nc4 exf3 20. gxf3 Be6 21. Nd6 Re7 22. Nd4 Rd8 23. Kf1 Bb8 24. N4xf5 Bxf5 25.
Nxf5 Re5 26. Ng3 Re3 27. Kg2 Rd2+ 28. Kh3 Rxf3 29. c6 bxc6 30. Rxc6 Bxg3 31. hxg3 Rxa3 32. Kh4 Rd4+ 33. Kg5 Kg7 34. Rh4 Rxg3+ 35. Kh5 Rd5# 0-1

[Event "Late-Titled-Tuesday-Blitz-June-25-2024"]
[Site "Chess.com"]
[Date "2024.06.25"]
[Round "11"]
[White "TigrVShlyape"]
[Black "Hikaru"]
[Result "1-0"]
[WhiteElo "2999"]
[BlackElo "3194"]
[TimeControl "180+1"]
[EndTime "16:06:34 PDT"]
[Termination "TigrVShlyape won by resignation"]

1. d4 Nf6 2. Bf4 d5 3. e3 c5 4.
c3 Nc6 5. Nd2 Qb6 6. Qb3 c4 7.
Qc2 g6 8. e4 e6 9. e5 Ng8 10. h4 h5 11. Ngf3 Qa5 12. a4 Qc7 13. b3 cxb3 14. Qxb3 Na5 15. Qb2 Bd7 16. Bb5 Ne7 17.
O-O Nc8 18. Bg5 Nb6 19. Bf6 Rg8 20. Rfc1 Rc8 21. Qb1 a6 22. Bxd7+ Kxd7 23. Ng5 Bh6 24. Qb4 Nc6 25. Qa3 Ke8 26. a5 Nd7 27. Ndf3 Nxf6 28. exf6 Qf4 29. Rab1 Rc7 30. c4 Qxf6 31. cxd5 exd5 32.
Qc5 Kd8 33. Ne5 Kc8 34. Rxb7 Kxb7 35. Qb6+ Kc8 36. Nxc6 Qd6 37. Nxf7 Qf4 38. Qb8+ Kd7 39. Nce5+ Ke6 40. Qb6+ 1-0

[Event "Late-Titled-Tuesday-Blitz-June-25-2024"]
[Site "Chess.com"]
[Date "2024.06.25"]
[Round "11"]
[White "Frankie_Badacsonyi"]
[Black "anasta10"]
[Result "0-1"]
[WhiteElo "2511"]
[BlackElo "2643"]
[TimeControl "180+1"]
[EndTime "16:06:34 PDT"]
[Termination "anasta10 won by resignation"]

1. d4 Nf6 2. c4 g6 3. Nc3 c5 4.
d5 Bg7 5. e4 e6 6. e5 Ng8 7. f4 d6 8. Nf3 Nh6 9. Bd3 exd5 10. cxd5 O-O 11. O-O Bg4 12. Re1 Re8 13.
e6 fxe6 14. dxe6 d5 15. e7 Rxe7 16. Rxe7 Qxe7 17. Nxd5 Qd6 18. Bc4 Kh8 19. h3 Bxf3 20. Qxf3 Nc6 21. Be3 Nf5 22. Bf2 Rd8 23. Re1 Nfd4 24.
Qe4 b5 25. b3 bxc4 26. bxc4 Rf8 27. g3 Nf5 28. Kh2 Bd4 29. Bxd4+ Ncxd4 30. Rb1 Rb8 31. Re1 Ng7 32. h4 Re8 33. Qb1 Rxe1 34. Qxe1 Nf3+ 0-1

[Event "Late-Titled-Tuesday-Blitz-June-25-2024"]
[Site "Chess.com"]
[Date "2024.06.25"]
[Round "11"]
[White "ArchibaldCerveza29"]
[Black "HalfIsCrayfish"]
[Result "0-1"]
[WhiteElo "2427"]
[BlackElo "2578"]
[TimeControl "180+1"]
[EndTime "16:06:34 PDT"]
[Termination "HalfIsCrayfish won on time"]

1. e4 c6 2. Nc3 d5 3. Nf3 dxe4 4. Nxe4 Nf6 5. Qe2 Nxe4 6. Qxe4 Nd7 7. Bc4 Nf6 8. Ne5 e6 9. Qe2 b5 10. Bd3 Qc7 11.
b3 Bb7 12. Bb2 Bd6 13. a4 a6 14. f4 O-O-O 15. axb5 cxb5 16. c4 b4 17. c5 Bxc5 18. Bxa6 Kb8 19. Bxb7 Qxb7 20. Nd3 Bd6 21. O-O Nd5 22. Bd4 Qb5 23. Ra4 Nb6 24. Bxb6 Qxb6+ 25. Kh1 Rd7 26. Rfa1 Rc8 27. Ra8+ Kc7 28. Rc1+ Bc5 29. Rxc8+ Kxc8 30. Rxc5+ Kd8 31. Rc1 Ke8 32. Ne5 Ra7 33. Rc8+ Ke7 34. Nc6+ Qxc6 35. Qc4 Ra1+ 0-1

[Event "Late-Titled-Tuesday-Blitz-June-25-2024"]
[Site "Chess.com"]
[Date "2024.06.25"]
[Round "11"]
[White "GrotBchess"]
[Black "egnfanclub"]
[Result "0-1"]
[WhiteElo "2557"]
[BlackElo "2394"]
[TimeControl "180+1"]
[EndTime "16:06:35 PDT"]
[Termination "egnfanclub won by checkmate"]

1. d4 d5 2. Nf3 Nf6 3. c4 c6 4. g3 Bf5 5. Bg2 e6 6. O-O h6 7. Nc3 Nbd7 8. Bf4 Be7 9. Ne5 O-O 10. Qb3 Qb6 11. c5 Qa6 12. f3 g5 13. Nxd7 Nxd7 14. Bd2 b6 15. e4 Bg6 16. f4 bxc5 17. f5 exf5 18. exd5 cxd4 19. Na4 Rab8 20. Qc2 cxd5 21. b3 d3 22. Qb2 Bf6 23. Bc3 Bxc3 24. Nxc3 Qb6+ 25.
Kh1 Nf6 26. Rad1 Qd4 27. Qa1 Ne4 28. Na4 Qxa1 29. Rxa1 Rbc8 30. Nb2 d2 31. Nd3 Rc2 32. Nb4 Rc5 33. Rad1 a5 34. Nd3 Rc2 35. b4 Nc3 36.
bxa5 Nxd1 37. Rxd1 Rxa2 38. Bxd5 Rxa5 39. Bc4 Rc8 40.
Bb3 Rc3 41. Rxd2 Rxb3 42. Kg2 Rd5 43. Re2 Rdxd3 44. Re8+ Kg7 45. Re7 f4 46. gxf4 Rb2+ 47. Kg1 Rd1+ 48. Re1 Rxe1# 0-1

[Event "Late-Titled-Tuesday-Blitz-June-25-2024"]
[Site "Chess.com"]
[Date "2024.06.25"]
[Round "11"]
[White "harshu27"]
[Black "Seppppppy"]
[Result "0-1"]
[WhiteElo "2496"]
[BlackElo "2407"]
[TimeControl "180+1"]
[EndTime "16:06:35 PDT"]
[Termination "Seppppppy won by checkmate"]

1. d4 d5 2. Bf4 Nf6 3. e3 e6 4. Nf3 Bd6 5. Ne5 c5 6. c3 Qc7 7. Nd2 Nc6 8. Ndf3 O-O 9. Bd3 c4 10. Bc2 Nd7 11. Nxd7 Bxd7 12. Bxd6 Qxd6 13. O-O f6 14. e4 Ne7 15. e5 fxe5 16. Nxe5 Nc6 17. Qh5 h6 18. f4 Be8 19. Qg4 Ne7 20. Rae1 Nf5 21. Qf3 b5 22. g4 Ne7 23. g5 hxg5 24. Qh3 Nf5 25. fxg5 g6 26. Ng4 Kg7 27. Bxf5 exf5 28.
Qh6+ Kg8 29. Nf6+ Rxf6 30. gxf6 Qxf6 31. Re5 Bf7 32. Rfe1 a5 33. h4 f4 34. Qg5 Kg7 35.
Kf2 b4 36. Re7 bxc3 37. bxc3 Rb8 38. Ra7 Rb2+ 39. Kf3 Rc2 40. Ree7 Rxc3+ 41. Kg2 f3+ 42. Kg3 f2+ 43. Kg4 Qf3# 0-1

[Event "Late-Titled-Tuesday-Blitz-June-25-2024"]
[Site "Chess.com"]
[Date "2024.06.25"]
[Round "11"]
[White "ChristopherYoo"]
[Black "Msb2"]
[Result "0-1"]
[WhiteElo "3042"]
[BlackElo "3088"]
[TimeControl "180+1"]
[EndTime "16:06:38 PDT"]
[Termination "Msb2 won by checkmate"]

1. e4 e6 2. d4 d5 3. Nc3 Nf6 4.
Bg5 dxe4 5. Nxe4 Be7 6. Bxf6 Bxf6 7. Nf3 Nd7 8. Bc4 O-O 9. Qe2 Be7 10. O-O-O c6 11.
h4 b5 12. Bd3 Qa5 13. Kb1 Bb7 14. Neg5 Nf6 15. Ne5 c5 16. dxc5 Bd5 17. b3 Bxc5 18.
Rh3 Rad8 19. Rg3 h6 20. Ng4 Nxg4 21. Qxg4 f5 22. Qh5 Bd4 23. Bxf5 exf5 24. Rxd4 Bxb3 25. axb3 Rxd4 26. Nh3 Rfd8 27. Rd3 Rxd3 28. cxd3 Qc3 29. Nf4 Qxb3+ 30. Kc1 Rc8+ 31. Kd2 Qb2+ 32. Ke3 Qc1+ 33. Kf3 Qd1+ 34. Ne2 Qxd3+ 35. Kf4 Rc4+ 36. Ke5 Qe4+ 37. Kd6 Rc6+ 38. Kd7 Qe6+ 39. Kd8 Rc8# 0-1

[Event "Late-Titled-Tuesday-Blitz-June-25-2024"]
[Site "Chess.com"]
[Date "2024.06.25"]
[Round "11"]
[White "ValeriyGrinev"]
[Black "MarkusRagger"]
[Result "0-1"]
[WhiteElo "2617"]
[BlackElo "2799"]
[TimeControl "180+1"]
[EndTime "16:06:38 PDT"]
[Termination "MarkusRagger won by resignation"]

1. d4 Nf6 2. c4 g6 3. Nc3 d5 4.
cxd5 Nxd5 5. e4 Nxc3 6. bxc3 Bg7 7. Nf3 c5 8. Be3 Qa5 9. Qd2 Nc6 10. Rc1 cxd4 11. cxd4 Qxd2+ 12. Kxd2 O-O 13. d5 Rd8 14. Ke1 Nb4 15. a3 Na2 16. Rc4 b5 17. Rc7 Nc3 18. Bd3 f5 19. Nd2 fxe4 20. Bxe4 Nxe4 21. Nxe4 Bf5 22. f3 Rxd5 23. Rxe7 Rd3 24. Bc5 a5 25. Ke2 Rd5 26. Be3 b4 27. axb4 a4 28. Rc1 Rd7 29.
Rxd7 Bxd7 30. Nc5 Bb5+ 31. Kf2 a3 32. Ne6 Bb2 33. Rd1 a2 34. Nc7 Ba4 35. Re1 Rc8 36.
Nd5 Rd8 37. Nb6 Rd1 38. Nxa4 Rxe1 39. Nxb2 a1=Q 0-1